 Dungeon Crawl Stone Soup version 0.18.1-1-g2f07953 (webtiles) character file.

130 oplop the Sneak (level 5, -5/27 HPs)
             Began as a Vine Stalker Assassin on May 7, 2016.
             Killed from afar by an orc wizard (8 damage)
             ... with a puff of flame
             ... on level 3 of the Dungeon.
             The game lasted 00:03:24 (1651 turns).

oplop the Sneak (Vine Stalker Assassin)             Turns: 1651, Time: 00:03:25

Health: -5/27      AC:  4    Str: 13    XL:     5   Next: 14%
Magic:  0/6        EV: 12    Int: 14    God:
Gold:   171        SH:  4    Dex: 17    Spells: 0 memorised, 4 levels left

rFire  . . .     SeeInvis .     b - +0 blowgun
rCold  . . .     Gourm    .     c - +0 robe
rNeg   . . .     Faith    .     m - +0 buckler
rPois  .         Spirit   +     (no helmet)
rElec  .         Dismiss  .     d - +0 cloak
rCorr  .         Reflect  .     n - +0 pair of gloves
SustAt .         Harm     .     (no boots)
MR     .....                    (no amulet)
Stlth  +++.......               (no ring)
                                v - +3 ring of intelligence

@: not resistant to hostile enchantments, fairly stealthy
A: fangs 2, regeneration 1, magic shield, antimagic bite, no device heal 3, rot
immunity
a: no special abilities


You were on level 3 of the Dungeon.
You were very hungry.

You visited 1 branch of the dungeon, and saw 3 of its levels.

You collected 171 gold pieces.

Inventory:

Hand Weapons
 a - a +2 dagger
 b - a +0 blowgun (weapon)
Missiles
 e - 15 poisoned needles (quivered)
 f - 2 curare-tipped needles
 k - 34 stones
Armour
 c - a +0 robe (worn)
 d - a +0 cloak (worn)
 m - a +0 buckler (worn)
 n - a +0 pair of gloves (worn)
Jewellery
 v - a +3 ring of intelligence (left hand)
Scrolls
 j - 2 scrolls of amnesia {unknown}
 l - 2 scrolls of identify {unknown}
 o - a scroll of enchant weapon {unknown}
 p - 2 scrolls of remove curse {unknown}
 r - a scroll of immolation {unknown}
 w - 2 scrolls of teleportation {unknown}
 x - a scroll of blinking {unknown}
Potions
 h - a potion of lignification {unknown}
 q - a potion of curing {unknown}
 s - a potion of heal wounds {unknown}
 t - a potion of magic {unknown}
 u - a potion of haste {unknown}
 z - a potion of agility {unknown}
Comestibles
 g - 2 bread rations
 i - a meat ration


   Skills:
 + Level 2.6 Fighting
 - Level 1.7 Short Blades
 + Level 2.7 Throwing
 + Level 1.8 Dodging
 + Level 5.7 Stealth
 + Level 0.8 Shields


You had 4 spell levels left.
You didn't know any spells.

Dungeon Overview and Level Annotations

Branches:
Dungeon (3/15)

Altars:
The Shining One


Innate Abilities, Weirdness & Mutations

You have extremely sharp teeth.
Your natural rate of healing is unusually fast.
When hurt, damage is shared between your health and your magic reserves.
Your bite disrupts and absorbs the magic of your enemies.
Potions and wands cannot restore your health.
You are immune to rotting.


Message History

You hear some strange, mumbled words.
A puff of flame appears from out of thin air!
The puff of flame hits you!
* * * LOW HITPOINT WARNING * * *
Firing (i - inventory. (,) - cycle):
e - 17 poisoned needles (quivered)
Press: ? - help, Shift-Dir - straight line You shoot a poisoned needle.
You hear some strange, mumbled words.
A puff of flame appears from out of thin air!
The puff of flame hits you!
* * * LOW HITPOINT WARNING * * *
Firing (i - inventory. (,) - cycle):
e - 16 poisoned needles (quivered)
Press: ? - help, Shift-Dir - straight line You shoot a poisoned needle.
Something barely misses you.
Drink which item? (? for menu, Esc to quit)
Okay, then.
You hear some strange, mumbled words.
A puff of flame appears from out of thin air!
The puff of flame hits you!
You die...

##.......# #(####
....########....#
#.###..........#### #
##########.### # #...# #. #.###
.# #### #)# .. ..# #)#### .#. #.#
#..@.# .#.##.#
####.########.#....#
#.........####..#
###...##....)...# ##
##########.....##)#.###.#
#.#######>.......#.....##....#..#
........#.#.#.#......#...#####.##
#...%...#.....#...#....#.# .
#.###......####...+.####.#


There were no monsters in sight!

Vanquished Creatures
  A hound (D:3)
  Ijyb (D:3)
  3 oozes
  4 dart slugs
  2 giant geckos
  2 orcs (D:3)
  A giant cockroach (D:1)
  5 goblins
  8 hobgoblins
  4 jackals (D:2)
  8 kobolds
  2 quokkas
  4 bats
  3 giant newts
  2 rats
50 creatures vanquished.

Notes
Turn   | Place    | Note
--------------------------------------------------------------
     0 | D:1      | oplop the Vine Stalker Assassin began the quest for the Orb.
     0 | D:1      | Reached XP level 1. HP: 11/11 MP: 2/2
    19 | D:1      | Reached skill level 5 in Stealth
    38 | D:1      | Reached skill level 1 in Dodging
    38 | D:1      | Reached XP level 2. HP: 14/15 MP: 3/3
   142 | D:1      | Found a glowing golden altar of the Shining One.
   349 | D:1      | Reached XP level 3. HP: 11/18 MP: 2/4
  1008 | D:2      | Reached XP level 4. HP: 23/23 MP: 5/5
  1455 | D:3      | Noticed Ijyb
  1460 | D:3      | Killed Ijyb
  1521 | D:3      | Reached XP level 5. HP: 12/27 MP: 6/6
  1651 | D:3      | Killed from afar by an orc wizard

Skill      XL: |  1  2 |
---------------+-------+-----
Fighting       | 2 |  2.6
Stealth        | 5 |  5.7
Dodging        | 1 |  1.8
Throwing       | 2 |  2.7
Short Blades   | |  1.7
Shields        | |  0.8

Action                   |  1- 3 |  4- 6 || total
-------------------------+-------+-------++-------
Melee: Dagger            |    69 |    55 ||   124
       Bite              |    12 |    17 ||    29
 Fire: Blowgun           |       |     6 ||     6
 Stab: Sleeping          |    13 |     5 ||    18
  Eat: Chunk             |       |     1 ||     1
Armor: Robe              |     6 |    12 ||    18
Dodge: Dodged            |    37 |    33 ||    70
Block: Buckler           |     2 |    12 ||    14
